 Dungeon Crawl Stone Soup version 0.30-a0-354-g6b83867211 (webtiles) character file.

Game seed: 18000299150610637859

18 mopl the Sneak (level 2, -3/21 HPs)
             Began as an Octopode Delver on Nov 7, 2022.
             Slain by an ufetubus (5 damage)
             ... on level 5 of the Dungeon.
             The game lasted 00:00:37 (28 turns).

mopl the Sneak (Octopode Delver)                      Turns: 28, Time: 00:00:38

Health: -3/21      AC:  1    Str: 11    XL:     2   Next: 66%
Magic:  2/2        EV: 13    Int: 12    God:
Gold:   0          SH:  0    Dex: 13    Spells: 1/1 levels left

rFire   . . .      SeeInvis .    a - +0 falchion
rCold   . . .      Faith    .    (no shield)
rNeg    . . .      Spirit   .    (helmet restricted)
rPois   .          Reflect  .    (no amulet)
rElec   .          Harm     .    (no ring)
rCorr   .          Rampage  .    (no ring)
Will    .....                    (no ring)
Stlth   ++++......               (no ring)
HPRegen 0.23/turn                (no ring)
MPRegen 0.08/turn                (no ring)
                                 (no ring)
                                 (no ring)

@: no status effects
A: almost no armour, amphibious, 8 rings, camouflage 1, gelatinous body 1,
(nimble swimmer 1), tentacles
a: no special abilities


You were on level 5 of the Dungeon.
You visited 1 branch of the dungeon, and saw 1 of its levels.

Inventory:

Hand Weapons
 a - a +0 falchion (weapon)
Wands
 f - a wand of digging (3)
Scrolls
 b - a scroll of fog
 c - a scroll of identify {unknown}
 d - a scroll of fear
Potions
 e - a potion of haste


   Skills:
 + Level 3.1 Fighting
 + Level 2.2 Long Blades
 + Level 2.2 Dodging
 + Level 6.8 Stealth
 + Level 0.8 Evocations


You had one spell level left.
You didn't know any spells.
Your spell library was empty.

Dungeon Overview and Level Annotations

Branches:
Dungeon (5/15)             Temple (0/1) D:5

Altars:

Shops:
D:5 (*[


Innate Abilities, Weirdness & Mutations

You cannot wear most types of armour.
You are amphibious.
You can wear up to eight rings at the same time.
Your skin changes colour to match your surroundings (Stealth+).
Your rubbery body absorbs attacks. (AC +1, EV +1)
((You are camouflaged when in or above water. (Stealth+)))
You have tentacles for arms and can constrict up to eight enemies at once.


Message History

The adder hisses angrily.
There is an entrance to Rigul's Weapon Shop here.
The adder hisses angrily.
Found a stone staircase leading down.
The adder bites you.
Found a long sword.
The adder barely misses you. The adder attacks as you move away!
The adder misses you.
Okay, then.
You miss the adder.
The ufetubus shouts!
Your grab misses the adder. The adder bites you.
You are poisoned.
The adder poisons you!
You barely miss the adder. You grab the adder. You constrict the adder.
You feel sick.
The adder struggles to escape constriction.
The adder bites you.
You slash the adder! You squeeze the adder.
The adder is almost dead.
You constrict the adder.
You kill the adder!
You feel sick. The adder misses you.
You have reached level 2!
You barely miss the adder. Your grab misses the adder.
You feel sick.
You are no longer poisoned.
The adder bites you.
* * * LOW HITPOINT WARNING * * *
You slash the adder! Your grab misses the adder. You squeeze the adder.
You kill the adder!
The ufetubus barely misses you. The ufetubus hits you.
* * * LOW HITPOINT WARNING * * *
You barely miss the ufetubus. Your grab misses the ufetubus.
Your squeeze misses the ufetubus. The ufetubus barely misses you. x2
The ufetubus hits you.
* * * LOW HITPOINT WARNING * * *
The ufetubus barely misses you.
You hit the ufetubus but do no damage. Your grab misses the ufetubus.
The ufetubus closely misses you. The ufetubus hits you.
You die...

................,....,**
..............#**.>.###*
............#**##......#*
$...##.....#####.....#.,****
....*#..............8.#.** *
,....#..............#...,***
,...)#..>............)..,,*
*.<............5....#,,,,,*
,..#...........#@..##**,,**
,,*###...∩.....#...#**,∩,***
,,,*#..........#....8#**** *
,,,*##...............# ***
,,,,*#.........###..##
,,,,*##........#**###
,,,,,,..........$*
,,,,,....∩#......*
,,,,.....##......**


You could see an ufetubus.

Vanquished Creatures
  2 adders (D:5)
2 creatures vanquished.

Notes
Turn   | Place    | Note
-------+----------+-------------------------------------------
     0 | D:5      | mopl the Octopode Delver began the quest for the Orb.
     0 | D:5      | Reached XP level 1. HP: 16/16 MP: 1/1
     6 | D:5      | Found Timumo's Armour Shop.
    11 | D:5      | Found Esipaakk's Assorted Antiques.
    25 | D:5      | Reached XP level 2. HP: 8/21 MP: 2/2
    28 | D:5      | Slain by an ufetubus

Illustrated notes

Levels and vault maps discovered:
D:5:      layout_cave_pools, minmay_temple_entry_glass,
          lightli_ossuary_entry_decrepit_ruins, serial_shops,
          nicolae_square_shop, shop, kennysheep_mini, shop, shop

Action                   || total
-------------------------++-------
Melee: Falchion          ||     7
       Tentacles         ||     2
       Constrict         ||     1
  Use: Scroll            ||     1
Dodge: Dodged            ||     8

Table legend: (Time is in decaauts)
 A = Elapsed time spent in this place.
 B = Non-inter-level travel time spent in this place.
 C = Inter-level travel time spent in this place.
 D = Time resting spent in this place.
 E = Time spent auto-exploring this place.
 F = Levels seen in this place.
 G = Mean time per level.
                   A        B        C        D        E       F      G
               +--------+--------+--------+--------+--------+-----+--------+
         Total |     29 |     29 |      0 |      0 |      0 |   1 |   29.0 |
       Dungeon |     29 |     29 |      0 |      0 |      0 |   1 |   29.0 |
               +--------+--------+--------+--------+--------+-----+--------+

Top non-repeatable levels by time:
     D:5: 29 daAuts
